General information
- name: BNet
- type: Ladder team game (AT/RT)
- host: Battle.net
- saver: Hue-hue-hue-hue
map: Mur'gulOasis
- players: 8
- length: 36:41
- speed: Fast
- version: 1.26 W3XP
- replay type: Public
» download(198 KB)
Players
team 1 (loser)
acestj420 (
yellow | 72 APM | 796 actions | 11:07)
3 Paladin
1 Holy Light
2 Divine Shield
1 Firelord
1 Soul Burn
» actions
| Assign group hotkey | 2 | |
| Basic commands | 1 | |
| Build / train | 35 | |
| Enter build submenu | 10 | |
| Enter hero's abilities submenu | 4 | |
| Give item / drop item | 1 | |
| Right click | 582 | |
| Select / deselect | 131 | |
| Select group hotkey | 2 | |
| Use ability | 28 | |
796 total
» units
| Peasant | 16 | |
| Footman | 5 | |
| Rifleman | 8 | |
29 total
» buildings
| Altar of Kings | 1 | |
| Barracks | 2 | |
| Farm | 4 | |
| Blacksmith | 1 | |
| Ancient of Wind | 2 | |
10 total
» build order
00:18 Altar of Kings
00:26 Barracks
00:38 Farm
01:14 Farm
01:43 Blacksmith
01:59 Farm
03:24 Barracks
07:23 Farm
09:29 Ancient of Wind
09:33 Ancient of Wind
CRITTER-FARMS (
pink | 56 APM | 2066 actions | 36:37)
4 Mountain King
2 Storm Bolt
2 Bash
» actions
| Assign group hotkey | 56 | |
| Basic commands | 91 | |
| Build / train | 53 | |
| Enter build submenu | 17 | |
| Enter hero's abilities submenu | 4 | |
| Give item / drop item | 2 | |
| Remove unit from queue | 1 | |
| Right click | 1028 | |
| Select / deselect | 319 | |
| Select group hotkey | 392 | |
| Use ability | 103 | |
2066 total
» units
| Peasant | 9 | |
| Siege Engine | 13 | |
| Gryphon Rider | 3 | |
25 total
» upgrades
| Masonry | 2 | |
| Gunpowder | 1 | |
| Plating | 1 | |
| Barrage | 1 | |
5 total
» buildings
| Altar of Kings | 1 | |
| Farm | 10 | |
| Arcane Vault | 1 | |
| Scout Tower | 4 | |
| Lumber Mill | 1 | |
| Arcane Tower | 1 | |
| Keep | 1 | |
| Guard Tower | 4 | |
| Castle | 2 | |
| Blacksmith | 1 | |
| Workshop | 2 | |
| Gryphon Aviary | 4 | |
32 total
» build order
00:09 Altar of Kings
00:20 Farm
00:45 Arcane Vault
01:00 Scout Tower
01:12 Farm
01:28 Lumber Mill
01:54 Arcane Tower
02:48 Keep
03:06 Scout Tower
03:06 Scout Tower
03:07 Scout Tower
04:01 Guard Tower
04:31 Guard Tower
04:36 Guard Tower
05:10 Castle
05:20 Blacksmith
05:31 Farm
05:31 Farm
05:32 Farm
06:35 Workshop
06:37 Workshop
06:42 Farm
06:43 Farm
16:42 Farm
16:42 Farm
25:44 Gryphon Aviary
25:47 Gryphon Aviary
25:57 Gryphon Aviary
26:43 Gryphon Aviary
» items
| Scroll of Regeneration | 3 | |
| Staff of Teleportation | 1 | |
| Scroll of Town Portal | 3 | |
| Potion of Healing | 1 | |
| Potion of Mana | 1 | |
9 total

»
FAG_TILL_I_DIE (
purple | 67 APM | 2465 actions | 36:37)
8 Mountain King
3 Storm Bolt
3 Bash
1 Avatar
1 Thunder Clap
3 Priestess of the Moon
3 Trueshot Aura
1 Firelord
1 Summon Lava Spawn
» actions
| Assign group hotkey | 32 | |
| Basic commands | 453 | |
| Build / train | 115 | |
| Enter build submenu | 15 | |
| Enter hero's abilities submenu | 12 | |
| Give item / drop item | 2 | |
| Right click | 1103 | |
| Select / deselect | 362 | |
| Select group hotkey | 288 | |
| Use ability | 83 | |
2465 total
» units
| Peasant | 11 | |
| Rifleman | 15 | |
| Footman | 3 | |
| Archer | 32 | |
| Mortar Team | 5 | |
66 total
» upgrades
| Gunpowder | 2 | |
| Armor | 2 | |
| Strength of the Moon | 2 | |
| Moon Armor | 3 | |
| Long Rifles | 1 | |
| Marksmanship | 1 | |
11 total
» buildings
| Altar of Kings | 1 | |
| Farm | 9 | |
| Barracks | 2 | |
| Blacksmith | 1 | |
| Arcane Vault | 1 | |
| Keep | 1 | |
| Workshop | 1 | |
| Tree of Eternity | 1 | |
17 total
» build order
00:37 Altar of Kings
00:43 Farm
00:53 Barracks
01:44 Farm
02:25 Blacksmith
03:24 Barracks
03:48 Arcane Vault
04:14 Farm
04:18 Farm
06:36 Farm
07:21 Farm
09:33 Keep
12:12 Workshop
12:45 Farm
12:50 Farm
12:58 Farm
15:01 Tree of Eternity
» items
| Lesser Clarity Potion | 5 | |
| Scroll of Regeneration | 3 | |
| Scroll of Town Portal | 4 | |
| Potion of Mana | 1 | |
| Potion of Healing | 3 | |
| Orb of Fire | 1 | |
| Boots of Speed | 1 | |
| Staff of Teleportation | 1 | |
| Potion of Lesser Invulnerability | 1 | |
20 total
Mina_TheTwo (
green | 28 APM | 251 actions | 08:51)
3 Firelord
2 Summon Lava Spawn
1 Soul Burn
» actions
| Build / train | 37 | |
| Enter build submenu | 11 | |
| Enter hero's abilities submenu | 3 | |
| Right click | 76 | |
| Select / deselect | 101 | |
| Use ability | 23 | |
251 total
» units
» upgrades
| Ultravision | 1 | |
| Improved Bows | 1 | |
| Strength of the Moon | 1 | |
3 total
» buildings
| Moon Well | 5 | |
| Altar of Elders | 1 | |
| Ancient of War | 1 | |
| Ancient of Wonders | 1 | |
| Tree of Ages | 1 | |
| Hunter's Hall | 1 | |
| Ancient of Wind | 2 | |
12 total
» build order
00:22 Moon Well
00:38 Altar of Elders
01:05 Ancient of War
01:38 Moon Well
02:00 Moon Well
02:38 Ancient of Wonders
03:26 Moon Well
05:09 Tree of Ages
05:47 Hunter's Hall
07:01 Moon Well
08:22 Ancient of Wind
08:23 Ancient of Wind
» items
| Scroll of Town Portal | 1 | |
| Potion of Healing | 1 | |
2 total
team 2 (winner)
darkmofo (
blue | 26 APM | 960 actions | 36:37)
7 Blood Mage
3 Flame Strike
2 Siphon Mana
1 Banish
1 Summon Phoenix
» actions
| Basic commands | 35 | |
| Build / train | 97 | |
| Enter build submenu | 32 | |
| Enter hero's abilities submenu | 8 | |
| Remove unit from queue | 6 | |
| Right click | 379 | |
| Select / deselect | 351 | |
| Use ability | 52 | |
960 total
» units
| Peasant | 10 | |
| Footman | 3 | |
| Rifleman | 13 | |
| Spell Breaker | 15 | |
| Flying Machine | 29 | |
70 total
» upgrades
| Lumber Harvesting | 1 | |
| Swords | 1 | |
| Plating | 1 | |
| Gunpowder | 1 | |
| Armor | 2 | |
| Flak Cannons | 1 | |
| Flying Machine Bombs | 1 | |
8 total
» buildings
| Altar of Kings | 1 | |
| Farm | 16 | |
| Barracks | 1 | |
| Blacksmith | 1 | |
| Lumber Mill | 1 | |
| Keep | 2 | |
| Arcane Vault | 1 | |
| Arcane Sanctum | 2 | |
| Town Hall | 3 | |
| Workshop | 2 | |
| Castle | 1 | |
31 total
» build order
00:07 Altar of Kings
00:23 Farm
00:46 Barracks
01:06 Farm
01:59 Farm
02:06 Blacksmith
02:36 Farm
03:17 Farm
03:59 Lumber Mill
04:04 Farm
04:47 Farm
05:33 Farm
06:13 Farm
06:28 Keep
06:57 Farm
07:13 Arcane Vault
08:00 Farm
08:54 Arcane Sanctum
08:58 Arcane Sanctum
09:17 Farm
10:04 Farm
10:44 Farm
14:01 Town Hall
17:26 Keep
27:16 Workshop
27:20 Workshop
27:24 Castle
27:29 Town Hall
30:16 Farm
30:20 Farm
32:46 Town Hall
» items

»
FRENCH.LOSERS (
teal | 132 APM | 2824 actions | 21:22)
5 Dreadlord
3 Sleep
2 Vampiric Aura
4 Death Knight
2 Death Coil
2 Unholy Aura
3 Lich
2 Frost Nova
1 Dark Ritual
» actions
| Assign group hotkey | 33 | |
| Basic commands | 208 | |
| Build / train | 79 | |
| ESC pressed | 6 | |
| Enter build submenu | 20 | |
| Enter hero's abilities submenu | 13 | |
| Give item / drop item | 1 | |
| Remove unit from queue | 1 | |
| Right click | 480 | |
| Select / deselect | 194 | |
| Select group hotkey | 1700 | |
| Use ability | 89 | |
2824 total
» units
» upgrades
| Cannibalize | 1 | |
| Unholy Strength | 3 | |
| Unholy Armor | 3 | |
| Ghoul Frenzy | 1 | |
8 total
» buildings
| Crypt | 6 | |
| Ziggurat | 6 | |
| Altar of Darkness | 3 | |
| Tomb of Relics | 1 | |
| Halls of the Dead | 5 | |
| Graveyard | 2 | |
| Black Citadel | 4 | |
| Necropolis | 2 | |
| Spirit Tower | 2 | |
31 total
» build order
00:07 Crypt
00:13 Crypt
00:36 Ziggurat
00:56 Altar of Darkness
01:32 Ziggurat
01:55 Tomb of Relics
03:15 Halls of the Dead
03:51 Ziggurat
04:26 Graveyard
07:04 Black Citadel
07:04 Black Citadel
07:04 Black Citadel
07:20 Ziggurat
12:13 Ziggurat
12:13 Ziggurat
15:45 Necropolis
18:56 Crypt
18:56 Crypt
19:10 Necropolis
19:24 Halls of the Dead
19:24 Halls of the Dead
19:24 Halls of the Dead
19:26 Altar of Darkness
19:59 Spirit Tower
20:32 Altar of Darkness
20:33 Crypt
20:37 Graveyard
20:54 Crypt
» items
| Rod of Necromancy | 3 | |
| Scroll of Town Portal | 5 | |
8 total
Hue-hue-hue-hue (
orange | 46 APM | 1676 actions | 36:41)
5 Mountain King
3 Storm Bolt
2 Bash
» actions
| Assign group hotkey | 51 | |
| Basic commands | 131 | |
| Build / train | 66 | |
| Enter build submenu | 30 | |
| Enter hero's abilities submenu | 5 | |
| Right click | 836 | |
| Select / deselect | 349 | |
| Select group hotkey | 164 | |
| Use ability | 44 | |
1676 total
» units
| Peasant | 11 | |
| Footman | 8 | |
| Gryphon Rider | 17 | |
36 total
» upgrades
| Swords | 3 | |
| Masonry | 3 | |
| Animal War Training | 1 | |
| Armor | 1 | |
| Storm Hammers | 1 | |
9 total
» buildings
| Altar of Kings | 1 | |
| Barracks | 1 | |
| Farm | 12 | |
| Scout Tower | 6 | |
| Arcane Tower | 1 | |
| Keep | 1 | |
| Arcane Vault | 3 | |
| Lumber Mill | 1 | |
| Blacksmith | 1 | |
| Gryphon Aviary | 2 | |
| Guard Tower | 6 | |
| Castle | 2 | |
| Town Hall | 1 | |
38 total
» build order
00:04 Altar of Kings
00:10 Barracks
00:12 Farm
01:55 Farm
02:45 Farm
02:52 Scout Tower
03:21 Arcane Tower
04:02 Keep
05:18 Farm
06:02 Scout Tower
06:17 Arcane Vault
06:40 Lumber Mill
06:47 Blacksmith
07:27 Gryphon Aviary
07:28 Gryphon Aviary
07:36 Guard Tower
07:53 Farm
09:05 Arcane Vault
09:18 Castle
09:19 Castle
10:30 Scout Tower
10:32 Scout Tower
11:05 Guard Tower
11:06 Guard Tower
11:29 Guard Tower
12:07 Scout Tower
12:34 Guard Tower
13:38 Farm
13:45 Farm
15:56 Farm
16:00 Farm
16:29 Farm
21:36 Farm
21:37 Farm
32:33 Town Hall
33:16 Arcane Vault
35:42 Scout Tower
36:11 Guard Tower
» items
| Scroll of Town Portal | 2 | |
| Orb of Fire | 1 | |
| Potion of Healing | 1 | |
| Scroll of Regeneration | 1 | |
5 total

»
DankSeeds (
red | 22 APM | 454 actions | 20:45)
4 Mountain King
2 Storm Bolt
2 Bash
2 Paladin
1 Holy Light
1 Divine Shield
» actions
| Assign group hotkey | 6 | |
| Basic commands | 84 | |
| Build / train | 54 | |
| Enter build submenu | 13 | |
| Enter hero's abilities submenu | 6 | |
| Give item / drop item | 1 | |
| Right click | 5 | |
| Select / deselect | 223 | |
| Use ability | 62 | |
454 total
» units
» upgrades
| Gunpowder | 2 | |
| Armor | 2 | |
| Masonry | 1 | |
| Long Rifles | 1 | |
6 total
» buildings
| Farm | 6 | |
| Altar of Kings | 1 | |
| Barracks | 2 | |
| Blacksmith | 1 | |
| Arcane Vault | 1 | |
| Lumber Mill | 1 | |
| Keep | 1 | |
| Castle | 1 | |
14 total
» build order
00:19 Farm
00:26 Altar of Kings
00:42 Barracks
01:09 Blacksmith
01:44 Farm
02:38 Farm
02:51 Arcane Vault
03:31 Farm
05:24 Barracks
05:39 Lumber Mill
07:33 Farm
07:51 Keep
13:12 Farm
16:37 Castle
» items
| Lesser Clarity Potion | 2 | |
| Scroll of Regeneration | 1 | |
| Potion of Healing | 1 | |
| Periapt of Vitality | 1 | |
| Scroll of Town Portal | 1 | |
6 total
Chat log
(00:19 / All) Hue-hue-hue-hue: u guys br ?
(00:29 / All) FRENCH.LOSERS: WOW, YOU PERVERT. GO FUCK YOURSELF
(00:30 / All) FAG_TILL_I_DIE: PENIS
(00:31 / All) Mina_TheTwo: el altar de los reyes
(00:35 / All) Hue-hue-hue-hue: huehuehue
(00:42 / All) FRENCH.LOSERS: YOU FUCKIGN FRENCH DISGRACE
(00:44 / All) FRENCH.LOSERS: GO BLOW YOURSELF
(00:49 / All) Hue-hue-hue-hue: wat
(00:52 / All) Hue-hue-hue-hue: is a french
(00:56 / All) Hue-hue-hue-hue: grace?
(00:58 / Allies) darkmofo: rush?
(01:01 / Allies) darkmofo: 3 units n a hero
(01:06 / All) Hue-hue-hue-hue: ys kkkk
(01:15 / Allies) darkmofo: lmao
(01:25 / Allies) darkmofo: teal fiends?
(01:39 / Allies) FRENCH.LOSERS: DO YOU SEE A GRAVEYARD?
(01:39 / All) Hue-hue-hue-hue: hitit bot rite
(01:44 / All) Hue-hue-hue-hue: oops rong chat
(01:53 / All) FRENCH.LOSERS: I LIKE TO SWALLOW CUM
(02:00 / All) FAG_TILL_I_DIE: I USED TO LIKE THAT
(02:03 / All) FAG_TILL_I_DIE: IT GOT ANOYING
(02:12 / All) FAG_TILL_I_DIE: NOW I JUST EAT ASSHOLES
(02:14 / All) FRENCH.LOSERS: IT KEEPS DRIPPING OFF, THAT IS A LITTLE SAD
(02:18 / All) Hue-hue-hue-hue: wtf gros tlk in alles
(02:31 / All) FAG_TILL_I_DIE: TEAL
(02:35 / All) FAG_TILL_I_DIE: CYBER SEX
(02:36 / All) FRENCH.LOSERS: YES
(02:36 / Allies) Hue-hue-hue-hue: hitit bot rite
(02:37 / All) FAG_TILL_I_DIE: AFTER?
(02:40 / All) FRENCH.LOSERS: I WANT SOME CYBER
(02:43 / All) FRENCH.LOSERS: YOU SWEETIE
(02:56 / All) FAG_TILL_I_DIE: I GOT MY DORA THE EPLORA TIGTIII WHITIIESS ON RITE NOW BID DADDY
(02:56 / All) CRITTER-FARMS: I AM KODOS_FORSAKEN'S BROTHER U ALL DIE
(03:05 / All) FAG_TILL_I_DIE: IAM JONNY-TRUE-LOVE
(03:07 / All) FAG_TILL_I_DIE: U ALL DIE?
(03:08 / All) Hue-hue-hue-hue: who i kodos_foorsaeken
(03:29 / All) FRENCH.LOSERS: DIE
(03:34 / All) CRITTER-FARMS: NO
(03:36 / Allies) darkmofo: ty teal
(03:57 / Allies) DankSeeds: lol
(04:14 / All) Hue-hue-hue-hue: mina pls leeve u hurt br connect
(04:25 / All) CRITTER-FARMS: truce teal ufaggot
(04:27 / All) CRITTER-FARMS: im gonna stab
(04:36 / All) FRENCH.LOSERS: MY HONEYBEE, I WILL SAVE YOU
(04:52 / All) FRENCH.LOSERS: I DONT LIKE ATTACKING FAGS
(04:57 / All) Hue-hue-hue-hue: WTF RED
(05:07 / All) FRENCH.LOSERS: IT JUST FEELS WRONG
(05:48 / All) Hue-hue-hue-hue: FKN USA TM M8S DEID IF WE HAD BR TM M8S WE WON
(05:50 / All) FRENCH.LOSERS: (/:
(06:09 / All) FRENCH.LOSERS: HUNTRESS IMBALANCED
(06:13 / All) Hue-hue-hue-hue: FK U
(06:16 / All) FRENCH.LOSERS: I BLAME IT ON BLIZZARD
(06:39 / Allies) darkmofo: i guess we techin?
(07:23 / All) CRITTER-FARMS: wholyo shit okahoma gonna lose
(07:37 / All) Hue-hue-hue-hue: FKN FUK U GRN
(07:39 / All) Hue-hue-hue-hue: STOP LAGGN
(07:40 / All) FRENCH.LOSERS: MINA_THE CUTE
(08:31 / Allies) darkmofo: whats everyone getting?
(08:37 / Allies) Hue-hue-hue-hue: gryifins
(08:40 / Allies) FRENCH.LOSERS: MORE CUTE LITTLE INNOCENT GHOULS
(08:44 / Allies) Hue-hue-hue-hue: wod pls
(08:46 / Allies) darkmofo: lmao...
(08:51 / All) Hue-hue-hue-hue: TY
(09:09 / Allies) Hue-hue-hue-hue: wood pls
(09:15 / Allies) Hue-hue-hue-hue: wood pls
(09:16 / Allies) Hue-hue-hue-hue: ty
(10:00 / All) Hue-hue-hue-hue: FKN BRELIANT
(11:01 / All) Hue-hue-hue-hue: FKN CNTS STOP KILN RED
(11:11 / All) Hue-hue-hue-hue: FUK U GUYZ
(11:18 / All) FRENCH.LOSERS: MY CUTIE
(11:23 / All) Hue-hue-hue-hue: FUK U FR FUK
(11:49 / All) CRITTER-FARMS: truce is over teal
(11:51 / All) CRITTER-FARMS: yellow left
(11:54 / All) CRITTER-FARMS: i hope u arent mad
(12:09 / All) FRENCH.LOSERS: I NEVER SAW ANY TANKS...
(12:24 / All) Hue-hue-hue-hue: FUKKIN FR LOSER FUK U'
(12:45 / Allies) Hue-hue-hue-hue: wood pls
(13:01 / Allies) Hue-hue-hue-hue: ty
(13:20 / Allies) darkmofo: gol
(13:21 / Allies) darkmofo: gol
(13:27 / All) Hue-hue-hue-hue: blu says gol
(13:30 / All) Hue-hue-hue-hue: translete
(13:43 / Allies) darkmofo: ty
(13:44 / Allies) darkmofo: ty
(13:59 / Allies) Hue-hue-hue-hue: wood pls
(14:32 / Allies) Hue-hue-hue-hue: wood pls
(14:41 / Allies) Hue-hue-hue-hue: ty
(14:56 / Allies) DankSeeds: gold please
(16:23 / Allies) Hue-hue-hue-hue: gold pls
(16:40 / Allies) Hue-hue-hue-hue: gold pls
(16:47 / Allies) darkmofo: pink is exposed if we can get in
(17:11 / Allies) Hue-hue-hue-hue: gold pls
(17:22 / Allies) darkmofo: orange i just got my base up i cant :\
(17:53 / All) FRENCH.LOSERS: LET TEH GHOULS RULE THE WORLD
(17:54 / Allies) darkmofo: orange ill go with you to pink
(17:58 / Allies) Hue-hue-hue-hue: k
(18:17 / Allies) darkmofo: teal lets hit pink?
(18:18 / Allies) DankSeeds: they gfonna hit me now c0ome please
(18:20 / Allies) darkmofo: there gunna attack red..
(18:21 / Allies) Hue-hue-hue-hue: 1 sec
(18:26 / Allies) Hue-hue-hue-hue: just makn a few more gryphs
(18:37 / Allies) FRENCH.LOSERS: (:
(18:42 / Allies) darkmofo: orange..
(18:51 / Allies) FRENCH.LOSERS: HE TEAMKILLS ME (:
(18:56 / All) Hue-hue-hue-hue: FRENCH LOSER
(19:08 / All) FAG_TILL_I_DIE: APE
(19:09 / All) FAG_TILL_I_DIE: 2V4
(19:14 / Allies) Hue-hue-hue-hue: gold pls
(19:31 / Allies) DankSeeds: clear me a mine please
(20:02 / All) FAG_TILL_I_DIE: LMAO
(20:07 / All) CRITTER-FARMS: leaev niggas
(20:12 / All) FRENCH.LOSERS: SAD, ORANGE TEAMKILLED ME
(20:16 / All) Hue-hue-hue-hue: FRENCH LOSER
(20:17 / All) Hue-hue-hue-hue: DIAF
(20:17 / All) CRITTER-FARMS: i tked too
(20:21 / All) DankSeeds: oj tking now wtf
(20:22 / All) FRENCH.LOSERS: CANT GET GRYPHS WITH MASS GHOULS
(20:22 / All) FRENCH.LOSERS: LOL
(20:48 / All) Hue-hue-hue-hue: RAPED
(20:49 / All) Hue-hue-hue-hue: SON
(21:03 / All) FAG_TILL_I_DIE: LOLOLOL
(21:11 / All) FRENCH.LOSERS: HE IS PROUD THAT HE COULD TEAMKILL A GHOULMASSER, WITH MASS GRYPHS.
(21:12 / All) FRENCH.LOSERS: GG
(21:16 / All) FRENCH.LOSERS: LOL
(21:19 / All) Hue-hue-hue-hue: YEP I AM
(21:20 / All) Hue-hue-hue-hue: NIGGA
(21:22 / All) FAG_TILL_I_DIE: HE MAD
(21:23 / All) FAG_TILL_I_DIE: LOL
(21:25 / All) Hue-hue-hue-hue: I"M ALSO NOT REALLY BR
(21:27 / All) Hue-hue-hue-hue: NIGGERS
(21:42 / Allies) darkmofo: br>>
(21:43 / Allies) darkmofo: ?
(21:49 / Allies) Hue-hue-hue-hue: brazil and no Iam not
(21:56 / Allies) darkmofo: never knew
(22:07 / Allies) Hue-hue-hue-hue: huehuehue is the laughing noise brazilians make
(22:41 / Allies) darkmofo: fuckin a man
(22:44 / Allies) darkmofo: we shouldh ave fucking won
(22:54 / Allies) darkmofo: mass archers?
(23:03 / All) darkmofo: gg
(23:07 / All) Hue-hue-hue-hue: stay blue
(23:18 / All) Hue-hue-hue-hue: we can bs this for you
(23:30 / Allies) darkmofo: bs??...
(23:33 / Allies) Hue-hue-hue-hue: backstab
(23:47 / All) FAG_TILL_I_DIE: LOL
(23:48 / Allies) darkmofo: are you guys together...??
(23:50 / All) FAG_TILL_I_DIE: GREEN
(23:51 / All) FAG_TILL_I_DIE: DYING
(23:57 / Allies) Hue-hue-hue-hue: me and pink
(24:05 / Allies) darkmofo: lmao ... are you serious?
(24:07 / Allies) Hue-hue-hue-hue: yes
(24:11 / Allies) darkmofo: lmfao
(24:15 / Allies) darkmofo: howd you manage same game?
(24:23 / Allies) Hue-hue-hue-hue: both made 0-0 accounts adn queued at same time
(24:35 / Allies) darkmofo: hahahhahahahah
(24:39 / Allies) darkmofo: just to piss people off??
(24:43 / Allies) Hue-hue-hue-hue: basically
(24:48 / Allies) darkmofo: lmfao...
(24:49 / Allies) Hue-hue-hue-hue: we're trying to give you the win
(24:52 / Allies) Hue-hue-hue-hue: purp only has his hero
(25:00 / Allies) darkmofo: i always wondered if that was the point of a tk...
(25:08 / Allies) darkmofo: in the same room?
(25:13 / Allies) Hue-hue-hue-hue: no
(25:16 / Allies) Hue-hue-hue-hue: chat room yes
(25:19 / Allies) Hue-hue-hue-hue: in wc3
(25:28 / Allies) darkmofo: right
(25:53 / Allies) darkmofo: so was teal in on it or just being retarded?
(25:59 / Allies) Hue-hue-hue-hue: teal was just an idiot
(26:03 / Allies) Hue-hue-hue-hue: only pink and I were bsing
(26:21 / Allies) darkmofo: can i kill pink?
(26:25 / All) Hue-hue-hue-hue: can he kill you?
(26:28 / All) Hue-hue-hue-hue: blue wants to know
(26:33 / Allies) Hue-hue-hue-hue: no
(26:34 / All) Hue-hue-hue-hue: don't
(26:56 / Allies) darkmofo: he was gettin gryphs...
(27:03 / Allies) Hue-hue-hue-hue: he'll kill himself
(27:49 / All) FAG_TILL_I_DIE: LMAOOO
(27:50 / All) FAG_TILL_I_DIE: NOT EVEN
(27:53 / All) FAG_TILL_I_DIE: WIT PEOPLE CONTROL
(27:54 / All) Hue-hue-hue-hue: raped
(27:55 / All) FAG_TILL_I_DIE: ME
(27:57 / All) FAG_TILL_I_DIE: U CAN RAPE
(28:00 / All) FAG_TILL_I_DIE: AS GOOD AS ME
(28:30 / All) CRITTER-FARMS: kill green
(28:36 / All) Hue-hue-hue-hue: I killed his tree
(28:37 / All) FAG_TILL_I_DIE: HE CANT
(28:37 / All) FAG_TILL_I_DIE: LMAO
(28:56 / All) Hue-hue-hue-hue: green was stupid and uprooted the tree so it took more damage
(29:13 / All) CRITTER-FARMS: go to purps base
(29:48 / All) Hue-hue-hue-hue: raped
(29:52 / All) FAG_TILL_I_DIE: STILL ALVE
(31:05 / All) CRITTER-FARMS: come here nigger
(31:09 / All) FAG_TILL_I_DIE: LOLOLOL
(31:18 / All) Hue-hue-hue-hue: truly a fag till you die
(32:09 / All) FAG_TILL_I_DIE: LOLOLOL
(32:09 / All) CRITTER-FARMS: cheating
(32:13 / All) Hue-hue-hue-hue: ?
(32:18 / All) Hue-hue-hue-hue: who is cheating?
(32:28 / All) Hue-hue-hue-hue: cloak of flames, best item
(32:38 / All) FAG_TILL_I_DIE: CAN I HAVE IT?
(32:41 / All) Hue-hue-hue-hue: no
(32:48 / All) FAG_TILL_I_DIE: I GIVE U 300
(32:54 / All) Hue-hue-hue-hue: purp
(32:57 / All) Hue-hue-hue-hue: GET THE FUCK OUT
(32:58 / All) Hue-hue-hue-hue: GET THE FUCK OTU
(33:00 / All) Hue-hue-hue-hue: GET THE FUCK OUT
(33:02 / All) Hue-hue-hue-hue: GET THE FUCK OUT
(33:39 / Allies) darkmofo: what we gotta do now?
(33:46 / All) Hue-hue-hue-hue: pink is afk watching football
(33:55 / All) Hue-hue-hue-hue: we can just kill him now
(34:21 / All) Hue-hue-hue-hue: you lost this purp
(34:23 / All) Hue-hue-hue-hue: stop trying
(34:36 / All) FAG_TILL_I_DIE: LOLOLOL
(35:22 / All) FAG_TILL_I_DIE: WOOT WOOT
(35:23 / All) FAG_TILL_I_DIE: BEST MK
(35:25 / All) FAG_TILL_I_DIE: IN EAST
(35:51 / All) Hue-hue-hue-hue: you realise
(35:55 / All) Hue-hue-hue-hue: once pink kills himself
(35:58 / All) Hue-hue-hue-hue: blue gets the win?
(36:05 / All) FAG_TILL_I_DIE: O
(36:07 / All) FAG_TILL_I_DIE: YA
(36:17 / All) FAG_TILL_I_DIE: LOLOL
(36:30 / All) Hue-hue-hue-hue: gg
(36:32 / All) Hue-hue-hue-hue: good job blue
(36:35 / Allies) darkmofo: gg ty
(36:36 / All) Hue-hue-hue-hue: you are awesome
(36:38 / Allies) Hue-hue-hue-hue: np